 Dungeon Crawl Stone Soup version 0.21.1-1-g345015f (webtiles) character file.

95 Folque the Magician (level 4, -4/30 HPs)
             Began as an Octopode Wizard on Mar 24, 2018.
             Splashed by Ijyb's acid (11 damage)
             ... on level 3 of the Dungeon.
             The game lasted 00:08:35 (2384 turns).

Folque the Magician (Octopode Wizard)               Turns: 2384, Time: 00:08:43

Health: -4/30      AC: -1    Str:  4 (6)  XL:     4   Next: 66%
Magic:  6/9        EV: 13    Int: 20 (21) God:
Gold:   169        SH:  0    Dex:  7 (10) Spells: 2/10 levels left

rFire    . . .     SeeInvis .   d - +0 mace
rCold    . . .     Gourm    .   (no shield)
rNeg     . . .     Faith    .   a - +2 hat
rPois    .         Spirit   .   (no amulet)
rElec    .         Reflect  .   (no ring)
rCorr    .         Harm     .   (no ring)
MR       .....                  (no ring)
Stlth    +++.......             (no ring)
HPRegen  0.10/turn              (no ring)
MPRegen  0.11/turn              (no ring)
                                (no ring)
                                (no ring)

@: corroded
A: almost no armour, stealthy swim, amphibious, 8 rings, constrict 8, camouflage
1, gelatinous body 1
a: no special abilities


You were on level 3 of the Dungeon.
You were not hungry.

You visited 1 branch of the dungeon, and saw 3 of its levels.

You collected 169 gold pieces.

Inventory:

Hand Weapons
 d - a +0 mace (weapon)
 f - a +0 dagger
 k - a +2 short sword of speed
 l - a +0 short sword
Missiles
 j - 8 needles of frenzy
Armour
 a - a +2 hat (worn)
Jewellery
 h - an uncursed amulet of harm {unknown}
Scrolls
 e - a scroll of amnesia {unknown}
 g - a scroll of enchant weapon {unknown}
 i - 2 scrolls of enchant armour
 n - a scroll of remove curse {unknown}
 o - a scroll of identify {unknown}
Books
 b - a book of Minor Magic

   Spells                             Type                      Level
   a - Magic Dart                     Conjuration                  1
   b - Blink                          Translocation                2
   c - Call Imp                       Summoning                    2
   d - Slow                           Hexes                        2
   e - Conjure Flame                  Conjuration/Fire             3
   f - Mephitic Cloud                 Conjuration/Poison/Air       3
Comestibles
 c - 2 rations
 m - 2 chunks of flesh


   Skills:
 * Level 2.6 Fighting
 - Level 2.0 Dodging
 - Level 2.6 Stealth
 + Level 3.7 Spellcasting
 - Level 1.0 Conjurations
 - Level 1.0 Summonings
 - Level 1.0 Translocations
 - Level 2.1 Poison Magic


You had 2 spell levels left.
You knew the following spells:

 Your Spells              Type           Power        Failure   Level  Hunger
a - Magic Dart            Conj           #...         9%          1    None
b - Call Imp              Summ           #.......     13%         2    ##.....
c - Blink                 Tloc           N/A          13%         2    ##.....
d - Mephitic Cloud        Conj/Pois/Air  #.......     26%         3    ###....


Dungeon Overview and Level Annotations

Branches:
Dungeon (3/15)

Altars:
Okawaru

Annotations:
D:3 Ijyb


Innate Abilities, Weirdness & Mutations

You cannot wear most types of armour.
You are very stealthy in the water. (Stealth+)
You are amphibious.
You can wear up to eight rings at the same time.
You can use your tentacles to constrict eight enemies at once.
Your skin changes colour to match your surroundings (Stealth+).
Your rubbery body absorbs attacks. (AC +1, EV +1)


Message History

You hit Ijyb but do no damage. You grab Ijyb.
Ijyb is lightly wounded.
You constrict Ijyb, but do no damage.
Your crimson imp disappears in a puff of smoke!
Ijyb hits you but does no damage.
You hit Ijyb but do no damage.
Ijyb is lightly wounded.
You constrict Ijyb, but do no damage.
Ijyb seems less confused.
Ijyb struggles to escape constriction.
Ijyb escapes!
You hit Ijyb. You grab Ijyb. Your squeeze misses Ijyb.
Ijyb is moderately wounded.
You constrict Ijyb, but do no damage. Ijyb misses you.
You barely miss Ijyb.
Ijyb is moderately wounded.
You constrict Ijyb. The goblin barely misses you. Ijyb hits you.
The goblin hits you.
Ijyb zaps a wand.
The bolt of acid hits you!
Ouch! That really hurt!
* * * LOW HITPOINT WARNING * * *
The acid corrodes you!
You are splashed with acid!
The acid burns!
You die...

(.. ... ### #.#
#..... #h# #.....
#h# #..... #r#
#.....##g#
#......g@# ###
#........# #..
#.....?..# #..
#.....(..#
######..
#......#)#
#....'..
#......#.#
#.####..
#......#.#
#.####..
########.#
#.......
#.#############.##


You could see Ijyb, 2 jackals, a goblin and a rat.

Vanquished Creatures
  Terence (D:2)
  2 adders
  2 dart slugs (D:1)
  2 leopard geckos
  An orc (D:3)
  A ball python (D:3)
  2 bats (D:2)
  A giant cockroach (D:3)
  7 goblins
  4 hobgoblins
  2 jackals (D:1)
  A quokka (D:3)
  2 frilled lizards
  7 kobolds
  3 rats (D:1)
38 creatures vanquished.

Vanquished Creatures (collateral kills)
  An adder (D:2)
1 creature vanquished.

Grand Total: 39 creatures vanquished

Notes
Turn   | Place    | Note
-------+----------+-------------------------------------------
     0 | D:1      | Folque the Octopode Wizard began the quest for the Orb.
     0 | D:1      | Reached XP level 1. HP: 11/11 MP: 4/4
   323 | D:1      | Reached skill level 1 in Fighting
   434 | D:1      | Reached XP level 2. HP: 16/18 MP: 6/6
   441 | D:1      | Learned a level 2 spell: Call Imp
   444 | D:1      | Learned a level 2 spell: Blink
   848 | D:1      | Reached XP level 3. HP: 24/24 MP: 4/7
   853 | D:1      | Learned a level 3 spell: Mephitic Cloud
  1184 | D:2      | Reached skill level 1 in Poison Magic
  1238 | D:2      | Found an iron altar of Okawaru.
  1239 | D:2      | Noticed Terence
  1300 | D:2      | Killed Terence
  1300 | D:2      | Reached XP level 4. HP: 18/29 MP: 1/9
  2363 | D:3      | Noticed Ijyb
  2384 | D:3      | Splashed by Ijyb's acid

Skill      XL: |  1  2  3 |
---------------+----------+-----
Fighting       | 1 2 |  2.6
Poison Magic   | 2 |  2.1
Dodging        | |  2.0
Stealth        | |  2.6
Spellcasting   | |  3.7
Conjurations   | |  1.0
Summonings     | |  1.0
Translocations | |  1.0

Action                   |  1- 3 |  4- 6 || total
-------------------------+-------+-------++-------
Melee: Dagger            |    26 |       ||    26
       Tentacles         |    12 |     1 ||    13
       Constrict         |    14 |    10 ||    24
       Unarmed           |     1 |       ||     1
       Short sword       |    37 |       ||    37
       Mace              |       |    49 ||    49
 Cast: Magic Dart        |    14 |    15 ||    29
       Call Imp          |     2 |     2 ||     4
       Mephitic Cloud    |     2 |     1 ||     3
  Use: Potion            |     3 |       ||     3
       Scroll            |     2 |     1 ||     3
 Stab: Sleeping          |     4 |     5 ||     9
       Confused          |     1 |       ||     1
  Eat: Chunk             |     1 |     4 ||     5
Armor: Skin              |     2 |     9 ||    11
Dodge: Dodged            |    36 |    29 ||    65
